 Dungeon Crawl Stone Soup version 0.30.1-11-g7821555f0a (webtiles) character file.

Game seed: 13275295406297505011

2592 pkoi the Zephyrmancer (level 9, -6/64 HPs)
             Began as a Grey Draconian Air Elementalist on Nov 20, 2023.
             Was a Believer of Hepliaklqana.
             Killed from afar by a steam dragon (20 damage)
             ... with a ball of steam
             ... on level 8 of the Dungeon.
             The game lasted 00:10:50 (9943 turns).

pkoi the Zephyrmancer (DrAE)                        Turns: 9943, Time: 00:10:51

Health: -6/64      AC: 12    Str: 10    XL:     9   Next: 33%
Magic:  13/15      EV: 13    Int: 19    God:    Hepliaklqana [**....]
Gold:   585        SH:  0    Dex: 13    Spells: 7/17 levels left

rFire   . . .        A - +2 trident (venom)
rCold   . . .        (no shield)
rNeg    . . .        (body armour unavailable)
rPois   +            (helmet restricted)
rElec   .            (no cloak)
rCorr   .            (no gloves)
SInv    .            (no boots)
Will    .....        (no amulet)
Stlth   ++           e - ring of poison resistance
HPRegen 0.30/turn    m - ring of wizardry
MPRegen 0.14/turn

%: wizardry (x1)
@: studying Ranged Weapons
A: reduced essence, AC +12, amphibious, unfitting armour, cold-blooded
a: Renounce Religion, Recall Ancestor, Ancestor Identity


You were on level 8 of the Dungeon.
You worshipped Hepliaklqana.
Hepliaklqana was pleased with you.
You visited 2 branches of the dungeon, and saw 9 of its levels.
You also visited: Ossuary.

You collected 585 gold pieces.

Inventory:

Hand Weapons
 d - a +0 heavy whip
 h - a +2 short sword of electrocution
 A - a +2 trident of venom (weapon)
Missiles
 g - 10 poisoned darts
Jewellery
 e - a ring of poison resistance (left hand)
 m - a ring of wizardry (right hand)
Wands
 k - a wand of iceblast (10)
 y - a wand of flame (14)
Scrolls
 i - a scroll of fog
 j - a scroll of enchant weapon
 n - 2 scrolls of teleportation
 r - a scroll of brand weapon
 w - a scroll of butterflies
 x - 2 scrolls of poison
 z - a scroll of fear
Potions
 a - 3 potions of magic
 b - 2 potions of might
 c - 2 potions of resistance
 f - 4 potions of flight
 l - a potion of ambrosia
 o - 2 potions of lignification {unknown}
 p - 2 potions of berserk rage
 q - 3 potions of brilliance {unknown}
 s - 4 potions of haste {unknown}
 t - a potion of curing
 u - 2 potions of attraction
 v - a potion of heal wounds


   Skills:
 + Level 4.7 Fighting
 + Level 4.4 Dodging
 - Level 1.7 Stealth
 + Level 4.5 Spellcasting
 + Level 3.5 Conjurations
 + Level 10.2 Air Magic


You had 7 spell levels left.
You knew the following spells:

 Your Spells              Type           Power      Damage    Failure   Level
a - Shock                 Conj/Air       100%       1d9       1%          1
b - Static Discharge      Conj/Air       60%        2-5/arc   1%          2
c - Swiftness             Air            43%        N/A       1%          3
d - Airstrike             Air            21%        2d(4-20)  1%          4

Your spell library contained the following spells:

 Spells                   Type           Power      Damage    Failure   Level
 Beastly Appendage        Tmut           8%         N/A       5%          1
 Wereblood                Tmut           4%         N/A       9%          2
 Call Canine Familiar     Summ           4%         N/A       16%         3
 Portal Projectile        Hex/Tloc       8%         N/A       16%         3
 Spider Form              Tmut/Pois      4%         N/A       16%         3
 Leda's Liquefaction      Hex/Erth       2%         N/A       45%         4


Dungeon Overview and Level Annotations

Branches:
Dungeon (8/15)             Temple (1/1) D:5         Ossuary (visited)
   Lair: D:8-11

Altars:
Ashenzari
Cheibriados
Dithmenos
Elyvilon
Fedhas
Gozag
Hepliaklqana
Kikubaaqudgha
Makhleb
Nemelex Xobeh
Okawaru
Qazlal
Sif Muna
Trog
Uskayaw
Vehumet
Xom
Yredelemnul
Zin
The Shining One

Shops:
D:5 [

Annotations:
D:6 2 transporters
D:7 3 runed translucent doors, rozman's ghost, novice DrSu


Innate Abilities, Weirdness & Mutations

Your life essence is reduced to manifest your ancestor. (-10% HP)
Your dull iron-grey scales are very hard. (AC +12)
You are amphibious.
You cannot fit into any form of body armour.
You are cold-blooded and may be slowed by cold attacks.


Message History

The steam dragon breathes steam at you.
The ball of steam hits the steam dragon.
The steam dragon resists.
The ball of steam hits you. The steam dragon barely misses you.
The steam dragon claws you but does no damage.
You closely miss the steam dragon.
The steam dragon is moderately wounded.
The steam dragon misses you.
The steam dragon claws you but does no damage.
Mettia has departed this plane of existence.
Unknown command.
Reach: A) +2 trident (venom)
Press: ? - help, Dir - move target, f - steam dragon
Aim: a steam dragon (steam, moderately wounded, catching its breath, about 40% to evade your +2 trident of venom)
The steam dragon is in the way.
You closely miss the steam dragon.
The steam dragon is heavily wounded.
The steam dragon breathes steam at you. The ball of steam misses you.
Unknown command.
Reach: A) +2 trident (venom)
Press: ? - help, Dir - move target, f/p - steam dragon
Aim: a steam dragon (moderately wounded, catching its breath, about 40% to evade your +2 trident of venom)
You reach to attack!
You puncture the steam dragon!
The steam dragon is poisoned.
The steam dragon is heavily wounded.
You are engulfed in a cloud of scalding steam.
* * * LOW HITPOINT WARNING * * *
The steam dragon bites you but does no damage.
The steam dragon completely misses you. x2; The steam dragon claws you.
* * * LOW HITPOINT WARNING * * *
You barely miss the steam dragon.
The steam dragon is heavily wounded.
You are engulfed in a cloud of scalding steam.
* * * LOW HITPOINT WARNING * * *
The steam dragon bites you but does no damage.
The steam dragon claws you but does no damage.
The steam dragon breathes steam at you.
The ball of steam hits the steam dragon!
The steam dragon resists.
The ball of steam hits you!!
You die...

# . .# .###.###.
......... #.......
#........
#############...# ≈≈≈
#....§§.§@DDYc.#§~~~~
#.###########..≈§~..#
#.# #.§§~§?#! #.#
#.§§Y§§# #.#
#.#≈§DD$( #.#
....§≈~.# #.#
....#§~~~ #.# ##.
.§≈≈≈ #.# #.. #..


You could see 2 steam dragons, a sky beast and a centaur.

Vanquished Creatures
  Menkaure (D:6)
  2 water moccasins (D:5)
  A sky beast (D:8)
  3 black bears
  An ogre (D:4)
  3 centaurs
  A phantom (D:5)
  Blork the orc (D:5)
  A gnoll sergeant (D:7)
  A bullfrog (D:6)
  5 water moccasin zombies (Ossuary)
  2 scorpions (D:5)
  5 killer bees (D:7)
  A howler monkey (D:6)
  3 iguanas
  3 sleepcaps
  5 orc wizards
  2 mummies (Ossuary)
  2 gnolls (D:7)
  9 adders
  A shadow imp (D:5)
  2 white imps
  An adder zombie (Ossuary)
  2 worms
  2 dart slugs
  21 orcs
  9 ball pythons
  2 bats
  A bat zombie (D:2)
  8 endoplasms
  6 gnoll zombies (Ossuary)
  6 goblins
  3 hobgoblins
  8 jackals
  2 quokkas
  A ball python skeleton (D:2)
  A ball python zombie (D:2)
  4 frilled lizards
  2 hobgoblin zombies (Ossuary)
  6 kobolds
  5 kobold zombies (Ossuary)
  2 orc zombies (Ossuary)
  3 rats (D:1)
150 creatures vanquished.

Vanquished Creatures (collateral kills)
  A killer bee (D:7)
  A gnoll (D:7)
  An adder (D:6)
  An orc (D:7)
4 creatures vanquished.

Vanquished Creatures (others)
  A sky beast (D:8)
  A knight (D:8)
  2 ancestors
4 creatures vanquished.

Grand Total: 158 creatures vanquished

Notes
Turn   | Place    | Note
-------+----------+-------------------------------------------
     0 | D:1      | pkoi the Draconian Air Elementalist began the quest for the
                  | Orb.
     0 | D:1      | Reached XP level 1. HP: 14/14 MP: 3/3
   269 | D:1      | Reached XP level 2. HP: 20/20 MP: 1/5
  1598 | D:2      | Reached skill level 4 in Air Magic
  2234 | D:2      | Reached XP level 3. HP: 19/26 MP: 1/6
  2284 | D:2      | Learned a level 2 spell: Static Discharge
  2288 | D:2      | Learned a level 3 spell: Swiftness
  2967 | D:3      | Reached skill level 11 in Air Magic
  2967 | D:3      | Reached XP level 4. HP: 33/33 MP: 4/7
  3117 | D:3      | Reached XP level 5. HP: 38/38 MP: 2/8
  3933 | D:3      | Reached skill level 1 in Fighting
  4369 | D:4      | Reached XP level 6. HP: 47/47 MP: 5/9
  5221 | D:4      | Your scales start taking on a dull iron-grey colour.
  5221 | D:4      | Reduced skill Air Magic to level 9
  5221 | D:4      | Reached XP level 7. HP: 55/55 MP: 4/11
  5358 | D:5      | Entered Level 5 of the Dungeon
  5455 | D:5      | Learned a level 4 spell: Airstrike
  5816 | D:5      | Noticed Blork the orc
  5827 | D:5      | Killed Blork the orc
  6321 | D:5      | Reached XP level 8. HP: 47/63 MP: 0/13
  6423 | D:5      | Found Zyqauqig's Armour Shoppe.
  6610 | D:5      | Found a staircase to the Ecumenical Temple.
  6628 | Temple   | Entered the Ecumenical Temple
  7015 | Temple   | Became a worshipper of Hepliaklqana the Forgotten
  7273 | D:5      | Reached skill level 10 in Air Magic
  7504 | D:6      | Found a sand-covered staircase.
  7508 | Ossuary  | Entered an ossuary
  8151 | D:6      | Reached * piety under Hepliaklqana
  8309 | D:6      | Found a transporter.
  8367 | D:6      | Noticed Menkaure
  8376 | D:6      | Killed Menkaure
  8377 | D:6      | Reached XP level 9. HP: 64/64 MP: 0/15
  8537 | D:6      | Noticed a kobold demonologist
  8538 | D:6      | Noticed a kobold demonologist
  8678 | D:6      | Found a transporter.
  8938 | D:7      | Found a runed translucent gate.
  8938 | D:7      | Found a runed translucent gate.
  8938 | D:7      | Found a runed translucent gate.
  9007 | D:7      | Noticed a centaur warrior
  9013 | D:7      | Noticed rozman's ghost (novice DrSu)
  9909 | D:8      | Reached ** piety under Hepliaklqana
  9910 | D:8      | Remembered your ancestor Mettia as a knight
  9943 | D:8      | Killed from afar by a steam dragon

Illustrated notes

Levels and vault maps discovered:
D:1:      onia_arrival_mini_maze, layout_basic, grunt_decor_fettered
D:2:      layout_basic, serial_undead, serial_undead_a, serial_undead_b,
          serial_undead_e, serial_undead_e, minmay_misc_feat_rows,
          patterned_corridor
D:3:      minmay_spotlight, layout_loops_corners, grunt_ministairs_7
D:4:      layout_basic
D:5:      layout_cave_pools, minmay_temple_entry_statues_fountains,
          serial_shops, nicolae_shop_advertising_works
          [nicolae_subvault_shop_adworks], dreamdust_princess_corridor,
          minmay_manual_mares, uniq_blork_the_orc
D:6:      gammafunk_wand_slinger, layout_gridville,
          nicolae_ossuary_entry_false_entrances, uniq_menkaure
D:7:      layout_loops_ring, gammafunk_ghost_split
D:8:      layout_basic, nicolae_overflow_squiral, enter_bailey_2,
          minmay_curled_crystal, hangedman_misty_isle
Temple:   mainiacjoe_temple_cubbyholes

Skill      XL: |  1  2  3  4  5  6  7  8 |
---------------+-------------------------+-----
Air Magic      | 4 11 9 10 | 10.2
Dodging        | 2 3 4 |  4.4
Fighting       | 1 2 3 4 |  4.7
Spellcasting   | 3 4 |  4.5
Conjurations   | 3 |  3.5
Stealth        | |  1.7

Action                     |  1- 3 |  4- 6 |  7- 9 || total
---------------------------+-------+-------+-------++-------
  Melee: Unarmed           |    14 |       |       ||    14
         Tailslap          |     4 |     3 |    11 ||    18
         Punch             |     2 |       |       ||     2
         Short sword       |    34 |    11 |    72 ||   117
         Trident           |       |       |    16 ||    16
   Cast: Shock             |    69 |   106 |   146 ||   321
         Static Discharge  |     1 |     1 |    24 ||    26
         Airstrike         |       |       |     7 ||     7
 Invoke: Ancestor Identity |       |       |     1 ||     1
         Ancestor Life: Kn |       |       |     1 ||     1
    Use: Scroll            |     7 |     2 |    11 ||    20
         Potion            |     1 |       |       ||     1
 Armour: Skin              |    22 |    10 |    67 ||    99
  Dodge: Dodged            |    50 |     7 |   115 ||   172
